 Dungeon Crawl Stone Soup version 0.27.1-3-gb3d3a73c9e (webtiles) character file.

Game seed: 15858284591526263371

128 horus123 the Ducker (level 4, -2/26 HPs)
             Began as a Deep Elf Gladiator on Oct 29, 2021.
             Slain by a gnoll (9 damage)
             ... on level 2 of the Dungeon.
             The game lasted 00:03:44 (3264 turns).

horus123 the Ducker (Deep Elf Gladiator)            Turns: 3264, Time: 00:03:45

Health: -2/26      AC:  4    Str: 11    XL:     4   Next: 87%
Magic:  6/6        EV: 13    Int: 14    God:
Gold:   95         SH:  0    Dex: 16    Spells: 3/3 levels left

rFire    . . .     SeeInvis .   a - +0 long sword
rCold    . . .     Faith    .   (no shield)
rNeg     . . .     Spirit   .   b - +0 leather armour
rPois    .         Reflect  .   c - +0 helmet
rElec    .         Harm     .   (no cloak)
rCorr    .         Rampage  .   (no gloves)
Will     .....                  (no boots)
Stlth    +.........             (no amulet)
HPRegen  0.08/turn              (no ring)
MPRegen  0.10/turn              (no ring)

@: no status effects
A: no striking features
a: no special abilities


You were on level 2 of the Dungeon.
You visited 1 branch of the dungeon, and saw 2 of its levels.

You collected 95 gold pieces.

Inventory:

Hand Weapons
 a - a +0 long sword (weapon)
Missiles
 d - 4 throwing nets (quivered)
Armour
 b - a +0 leather armour (worn)
 c - a +0 helmet (worn)
Scrolls
 f - a scroll of teleportation
Potions
 e - a potion of degeneration {unknown}
 g - a potion of heal wounds {unknown}
 h - a potion of curing {unknown}
 i - a potion of might
 j - a potion of resistance {unknown}
 k - a potion of cancellation {unknown}


   Skills:
 * Level 2.1 Fighting
 * Level 4.0 Long Blades
 + Level 2.1 Throwing
 + Level 1.7 Armour
 + Level 4.0 Dodging
 + Level 0.2 Stealth


You had 3 spell levels left.
You didn't know any spells.
Your spell library contained the following spells:

 Spells                   Type           Power      Damage    Failure   Level
 Summon Small Mammal      Summ           0%         N/A       36%         1
 Corpse Rot               Necr/Air       N/A        N/A       50%         2
 Call Canine Familiar     Summ           0%         N/A       75%         3
 Summon Guardian Golem    Hex/Summ       0%         N/A       75%         3
 Dispel Undead            Necr           0%         3d6       98%         4
 Death Channel            Necr           0%         N/A       100%        6


Dungeon Overview and Level Annotations

Branches:
Dungeon (2/15)

Altars:

Shops:
D:1 *   D:2 *


Message History

You hit the gnoll.
The gnoll is moderately wounded.
The gnoll hits you with a +0 vorpal spear.
You slash the gnoll!
The gnoll is almost dead.
The gnoll hits you with a +0 vorpal spear.
The gnoll barely misses you.
You are too injured to fight recklessly!
You are too injured to fight recklessly!
Unknown command.
You are too injured to fight recklessly!
You slash the gnoll!
You kill the gnoll!
Your Long Blades skill increases to level 4!
You hit the gnoll.
The gnoll is heavily wounded.
The gnoll barely misses you.
You closely miss the gnoll.
The gnoll is heavily wounded.
The gnoll misses you.
You closely miss the gnoll.
The gnoll is heavily wounded.
The gnoll hits you with a +0 flail. The gnoll barely misses you.
You hit the gnoll.
The gnoll is severely wounded.
The gnoll barely misses you.
You riposte.
You hit the gnoll.
The gnoll is almost dead.
You hit the gnoll.
You kill the gnoll!
d - 4 throwing nets (gained 2)
Things that are here:
a +0 flail; a +0 vorpal spear; a gnoll corpse A gnoll comes into view.
It is wielding a +2 halberd of venom.
The gnoll shouts!
The gnoll hits you from afar with a +2 halberd of venom!
* * * LOW HITPOINT WARNING * * *
You are too injured to fight recklessly!
You are too injured to fight recklessly!
The gnoll hits you with a +2 halberd of venom!
You die...

#..# #.#.###.. #..#
#........ ##.#
###.##### #)# #####
#######.## #
#.##...#..
.........# #
#........#
#######..# #
####...#.. #..# #
####g###########..#
#.@.)..........#
##############.####
#..... ######


You could see a gnoll.

Vanquished Creatures
  2 gnolls (D:2)
  4 adders (D:2)
  2 worms (D:2)
  3 dart slugs
  6 ball pythons
  2 bats
  3 endoplasms
  2 giant cockroaches (D:1)
  8 goblins
  5 hobgoblins
  4 jackals (D:1)
  5 kobolds
  A quokka (D:1)
  12 frilled lizards
  4 rats
63 creatures vanquished.

Vanquished Creatures (others)
  8 plants (D:1)
8 creatures vanquished.

Grand Total: 71 creatures vanquished

Notes
Turn   | Place    | Note
-------+----------+-------------------------------------------
     0 | D:1      | horus123 the Deep Elf Gladiator began the quest for the
                  | Orb.
     0 | D:1      | Reached XP level 1. HP: 12/12 MP: 3/3
   382 | D:1      | Reached XP level 2. HP: 17/17 MP: 4/4
   686 | D:1      | Reached XP level 3. HP: 18/21 MP: 5/5
  1689 | D:1      | Found Uggorghac's Assorted Antiques.
  1741 | D:1      | Found a faded altar of an unknown god.
  1882 | D:2      | Reached skill level 1 in Armour
  1970 | D:2      | Reached XP level 4. HP: 10/26 MP: 6/6
  2231 | D:2      | Found Teniasef's Assorted Antiques.
  3264 | D:2      | Slain by a gnoll

Illustrated notes

Levels and vault maps discovered:
D:1:      dpeg_arrival_arbitrary_c, layout_basic, serial_shops, shop,
          dreamdust_ecumenical_altar_statues, minmay_lizard_king
D:2:      layout_loops_ring, serial_shops, shop, grunt_ministairs_4,
          minmay_misc_feat_five, st_stairs_11

Skill      XL: |  1  2  3  4 |
---------------+-------------+-----
Long Blades    | 3 4 |  4.0
Dodging        | 4 |  4.0
Armour         | 1 |  1.7
Fighting       | 2 |  2.1
Throwing       | |  2.1
Stealth        | |  0.2

Action                   |  1- 3 |  4- 6 || total
-------------------------+-------+-------++-------
Melee: Long sword        |   100 |    53 ||   153
Throw: Throwing net      |     2 |       ||     2
  Use: Scroll            |       |     2 ||     2
 Stab: Sleeping          |     1 |     2 ||     3
Armor: Leather armour    |    37 |     6 ||    43
Dodge: Dodged            |    84 |    33 ||   117
       Rpst.: Long sword |    29 |     8 ||    37
